[Event "*** Titled Tuesday Blitz"]
[Site "Chess.com"]
[Date "2021.04.27"]
[Round "4"]
[White "MVM2008"]
[Black "Aslanov_Umid"]
[Result "0-1"]
[WhiteElo "2262"]
[BlackElo "2450"]
[TimeControl "180+1"]
[EndTime "10:39:45 PDT"]
[Termination "Aslanov_Umid won on time"]

1. e4 c5 2. Nf3 d6 3. d4 cxd4 4. Nxd4 Nf6 5. Nc3 a6 6. Bc4 e6 7. O-O b5 8. Bb3 Be7 9. a3 O-O 10. f4 Bb7 11. e5 dxe5 12. fxe5 Nfd7 13. Qh5 Bc5 14. Be3 Nc6 15. Rad1 Qb6 16. Nce2 Ndxe5 17.
Kh1 Nxd4 18. Nxd4 Bxd4 19. Rxd4 Qc6 20. Bd5 exd5 21. Qxe5 Rae8 22. Qg3 Qxc2 23. Rg4 g6 24. Bh6 Qe2 25. Rg1 Qxb2 26. Qd6 Rd8 27. Qe7 Bc8 28.
Rh4 Rfe8 29. Qg5 Qe5 30. Qxe5 Rxe5 31. Bf4 Re4 32. Bg5 Rxh4 33. Bxd8 Re4 34. Bf6 Be6 35. g4 h6 36. h3 g5 37. Kh2 Kh7 38. Rc1 Kg6 39. Bc3 Re2+ 0-1

[Event "*** Titled Tuesday Blitz"]
[Site "Chess.com"]
[Date "2021.04.27"]
[Round "4"]
[White "Loy_Konstantin"]
[Black "agartha01"]
[Result "0-1"]
[WhiteElo "2387"]
[BlackElo "2537"]
[TimeControl "180+1"]
[EndTime "10:39:46 PDT"]
[Termination "agartha01 won on time"]

1. e4 c5 2. Nf3 e6 3. d3 Nc6 4. g3 g6 5. Bg2 Bg7 6. O-O Nge7 7. Re1 d5 8. Nbd2 O-O 9. h4 b6 10. e5 f6 11. exf6 Bxf6 12. Nf1 Nf5 13. N1h2 Bg7 14. c3 e5 15. c4 dxc4 16. dxc4 Bb7 17. Bg5 Qxd1 18.
Raxd1 Nfd4 19. b3 h6 20. Be3 Rf7 21. Nd2 Kh7 22. Bd5 Re7 23. Ne4 Nb4 24. Bxb7 Rxb7 25.
Rd2 Rf8 26. Kg2 Nbc6 27. Nc3 Rbf7 28. Nd5 e4 29. Bxd4 Bxd4 30. Rxe4 Rxf2+ 31. Rxf2 Rxf2+ 32. Kh3 h5 33. g4 Ne5 34. gxh5 gxh5 35. Kg3 Rxa2 36.
Nf3 Nxf3 37. Kxf3 Rb2 38. Re7+ Kg6 39. Re6+ Kf5 40. Rh6 Rxb3+ 41. Ke2 Kg4 42. Rg6+ Kxh4 43. Nf4 a5 44. Ng2+ Kh3 45. Nf4+ Kh2 46. Nxh5 a4 47. Nf4 a3 0-1

[Event "*** Titled Tuesday Blitz"]
[Site "Chess.com"]
[Date "2021.04.27"]
[Round "4"]
[White "FMOlexandrProhorov"]
[Black "mjray79"]
[Result "0-1"]
[WhiteElo "2264"]
[BlackElo "2451"]
[TimeControl "180+1"]
[EndTime "10:39:47 PDT"]
[Termination "mjray79 won on time"]

1. e4 e5 2. Nf3 Nc6 3. Nc3 Nf6 4. Bb5 Bb4 5. d3 O-O 6. O-O Bxc3 7. bxc3 d6 8. h3 h6 9. Qe2 Bd7 10. Bd2 a6 11. Ba4 Qe7 12. Bb3 Rad8 13. Nh4 Be6 14.
Nf5 Bxf5 15. exf5 e4 16. Rae1 Rfe8 17. dxe4 Nxe4 18. Qd3 d5 19. f3 Qf6 20. fxe4 dxe4 21. Qe3 Re5 22. g4 Rde8 23. Re2 Ne7 24. Rg2 Nd5 25.
Bxd5 Rxd5 26. g5 hxg5 27. Rxg5 Red8 28. Rf2 Qd6 29. Be1 f6 30. Rg6 Qe7 31. Rfg2 Rxf5 32.
Rxg7+ Qxg7 33. Rxg7+ Kxg7 34. Qg3+ Rg5 35. Kf2 Rxg3 36.
Kxg3 Kg6 37. Kf4 f5 38. Bf2 Rd2 39. Bd4 Rxc2 40. h4 Rxa2 41. h5+ Kxh5 42. Kxf5 Re2 43. Kf4 a5 0-1

[Event "*** Titled Tuesday Blitz"]
[Site "Chess.com"]
[Date "2021.04.27"]
[Round "4"]
[White "Bhagya_2312"]
[Black "queen_iryna"]
[Result "0-1"]
[WhiteElo "2112"]
[BlackElo "2385"]
[TimeControl "180+1"]
[EndTime "10:39:47 PDT"]
[Termination "queen_iryna won by resignation"]

1. e4 d6 2. d4 Nf6 3. Nc3 e5 4. Nf3 Nbd7 5. Bc4 Be7 6. O-O O-O 7. Re1 c6 8. a4 h6 9. h3 Re8 10. Ba2 Bf8 11. Nh4 d5 12. exd5 Nxd5 13. Nxd5 cxd5 14.
Nf5 Nf6 15. Ne3 e4 16. c3 Be6 17. f3 Qc7 18. fxe4 dxe4 19. Bxe6 Rxe6 20. Qe2 Rae8 21. Rf1 Qg3 22. Nf5 Qg6 23. Be3 Nd5 24. Kh1 Rf6 25.
g4 h5 26. Nh4 Qh7 27. g5 Rxf1+ 28. Rxf1 Bd6 29. Qf2 Rf8 30. Nf5 Qg6 31. h4 Bb8 32. c4 Nxe3 33. Qxe3 Qb6 34. b3 Qc7 35. Rf2 g6 36. Ng3 a6 37. Kg2 Ba7 38. Rf6 Qe7 39.
Qf4 e3 40. Ne2 Rd8 41. d5 Qe8 42. Kf3 Qe7 43. Qxe3 Qxe3+ 44. Kg2 Qxe2+ 0-1

[Event "*** Titled Tuesday Blitz"]
[Site "Chess.com"]
[Date "2021.04.27"]
[Round "4"]
[White "HrvojeZagreb"]
[Black "canary2016"]
[Result "0-1"]
[WhiteElo "2230"]
[BlackElo "1995"]
[TimeControl "180+1"]
[EndTime "10:39:47 PDT"]
[Termination "canary2016 won by resignation"]

1. d4 d5 2. Bf4 Nf6 3. e3 e6 4.
Nf3 Bd6 5. Bg3 O-O 6. Bd3 c5 7.
c3 Qc7 8. Ne5 Nbd7 9. f4 b6 10.
Nd2 Bb7 11. Bh4 Ne4 12. g4 Nxd2 13. Qxd2 Nf6 14. Bxf6 gxf6 15. Nf3 e5 16. fxe5 fxe5 17. Bf5 Bc8 18. dxe5 Bxe5 19. Qxd5 Bxf5 20. gxf5 Bg7 21. Rg1 Kh8 22. Rxg7 Kxg7 23. f6+ Kh8 24. Qh5 Rg8 25. O-O-O Rad8 26. Rxd8 Qxd8 27. Qxf7 Qd6 28. h4 Qg3 29. Qh5 Qg6 30. Qe5 Qf7 31. Ng5 Rxg5 32. hxg5 h6 33.
Qb8+ Kh7 34. Qe5 Kg6 35. Qe4+ Kh5 36. Qf4 Kg6 37. Qf3 Kh7 38. e4 Kg8 39. Qf5 Kh8 40. g6 Kg8 41. g7 Qf8 42. Qc8 Qxc8 43. f7+ Kxf7 44. e5 Qg8 45. e6+ Kxe6 46. Kc2 Qxg7 47. b3 Qg3 48. c4 Ke5 49. a3 Kd4 50. b4 Qg2+ 0-1

[Event "*** Titled Tuesday Blitz"]
[Site "Chess.com"]
[Date "2021.04.27"]
[Round "4"]
[White "MuhittinBuker"]
[Black "SirStrateg"]
[Result "1-0"]
[WhiteElo "2205"]
[BlackElo "2572"]
[TimeControl "180+1"]
[EndTime "10:39:48 PDT"]
[Termination "MuhittinBuker won by resignation"]

1. d4 Nf6 2. c4 d6 3. Nc3 Nbd7 4.
e4 e5 5. Nf3 Be7 6. Be2 O-O 7. Be3 c6 8. h3 a6 9. O-O b5 10. dxe5 dxe5 11. b3 b4 12. Na4 Nxe4 13. Qc2 Nef6 14. Rfd1 Qc7 15. c5 a5 16. Bc4 Ba6 17.
Bxa6 Rxa6 18. Rd2 h6 19. Rad1 Re8 20. Qf5 Ra7 21. Rd6 Bxd6 22. cxd6 Qb8 23. Bxa7 Qxa7 24.
Qc2 e4 25. Nd4 c5 26. Nf5 Kf8 27. Qc4 Re5 28. Ne3 Qb7 29. Qc1 Qa8 30. Nc4 Rd5 31. Ncb6 Nxb6 32. Nxb6 Rxd1+ 33. Qxd1 Qd8 34. Nc4 Ne8 35.
Qd5 Qd7 36. Qxc5 f5 37. Qxa5 Nxd6 38. Qxb4 Ke7 39. Nxd6 Qxd6 40. Qxd6+ Kxd6 41. Kf1 Kc5 42. a4 f4 43. Ke2 g5 44. g3 h5 45. gxf4 gxf4 46.
Kd2 Kb4 47. Kc2 h4 48. Kd2 Ka5 49. Kc3 Kb6 50. Kd4 e3 51. fxe3 f3 52. Kd3 f2 53.
Ke2 f1=Q+ 54. Kxf1 1-0

[Event "*** Titled Tuesday Blitz"]
[Site "Chess.com"]
[Date "2021.04.27"]
[Round "4"]
[White "SergioGarciaFuentes"]
[Black "Grandmaster1369"]
[Result "1-0"]
[WhiteElo "2353"]
[BlackElo "2569"]
[TimeControl "180+1"]
[EndTime "10:39:48 PDT"]
[Termination "SergioGarciaFuentes won by checkmate"]

1. Nf3 Nf6 2. g3 d5 3. Bg2 e6 4. O-O b5 5. d4 Bb7 6. a4 b4 7. c4 dxc4 8. Nbd2 c3 9. bxc3 bxc3 10. Nc4 Nbd7 11. a5 Bd5 12. Bg5 Bxc4 13. Ne5 Bd5 14. e4 Nxe5 15. dxe5 Bc6 16. exf6 gxf6 17. Qxd8+ Rxd8 18. Bxf6 Bb4 19. Bxh8 Ke7 20. Be5 f6 21. Bf4 e5 22.
Be3 Bb5 23. Rfc1 c5 24. Rab1 Bd3 25. Ra1 a6 26. f3 Rb8 27. Bf1 c4 28. Ra4 Kd6 29.
Bb6 Bc5+ 30. Bxc5+ Kxc5 31. Bxd3 cxd3 32. Rxc3+ Kd6 33. Rxd3+ Ke7 34. Rd2 Rb1+ 35. Kf2 h5 36.
Raa2 Rh1 37. Ke3 Rb1 38. Rdb2 Rc1 39. Rb6 Rc4 40. Rxa6 Rc3+ 41. Ke2 Rc2+ 42. Rxc2 h4 43. Rc7+ Kd8 44. Rh7 hxg3 45. Ra8# 1-0

[Event "*** Titled Tuesday Blitz"]
[Site "Chess.com"]
[Date "2021.04.27"]
[Round "4"]
[White "PlotnikovPavel"]
[Black "Mili_Brizzi"]
[Result "1-0"]
[WhiteElo "2472"]
[BlackElo "2283"]
[TimeControl "180+1"]
[EndTime "10:39:48 PDT"]
[Termination "PlotnikovPavel won on time"]

1. e4 c6 2. d4 d5 3. exd5 cxd5 4. Bd3 Nc6 5. c3 Qc7 6. Ne2 Bg4 7. f3 Bd7 8. Bf4 e5 9. dxe5 Nxe5 10. O-O Bd6 11.
Bxe5 Bxe5 12. f4 Bd6 13. Nd4 Ne7 14. Qh5 g6 15. Qh4 O-O-O 16. Nd2 Kb8 17. N2f3 h6 18. Qf6 Rhe8 19. Ne5 Be6 20. Nxf7 Ng8 21. Nxe6 Nxf6 22.
Nxc7 Kxc7 23. Nxd8 Bc5+ 24. Kh1 Kxd8 25. h3 Re3 26.
Bxg6 Re2 27. b4 Bb6 28. Rfe1 Rf2 29. Rf1 Re2 30. Bd3 Rd2 31. Rad1 Rxa2 32. Bc4 Rc2 33. Bxd5 Kc7 34. c4 Nh5 35. Rf3 Bf2 36. g4 Nf6 37. g5 hxg5 38. fxg5 Nh5 39. g6 Bh4 40. Rf7+ Kc8 41. Bxb7+ Kb8 42. Bg2 Ng3+ 43. Kh2 Ne2 44.
Rf3 Rxc4 45. g7 1-0

[Event "*** Titled Tuesday Blitz"]
[Site "Chess.com"]
[Date "2021.04.27"]
[Round "4"]
[White "kritipatel"]
[Black "Orest_Vovk"]
[Result "1-0"]
[WhiteElo "1771"]
[BlackElo "2348"]
[TimeControl "180+1"]
[EndTime "10:39:48 PDT"]
[Termination "kritipatel won on time"]

1. e4 Nc6 2. Nf3 d5 3. exd5 Qxd5 4. Nc3 Qa5 5. d4 Bg4 6. Be2 O-O-O 7. Be3 Nf6 8. h3 Bh5 9. O-O e6 10. a3 Bd6 11. b4 Qf5 12. b5 Bxf3 13. Bxf3 Na5 14. Rb1 g5 15. d5 e5 16. Na4 e4 17. Be2 Nxd5 18. Bxa7 Qe5 19. g3 e3 20. Bd4 exf2+ 21. Rxf2 Qxg3+ 22. Rg2 Qxa3 23. Bxh8 Ne3 24. Bg4+ f5 25.
Bxf5+ Nxf5 26. Qg4 Qxa4 27. Qxa4 b6 28. Qg4 Rxh8 29.
Qxf5+ Kb8 30. Qxg5 Nc4 31. Qg7 Rf8 32. Re1 Bc5+ 33. Kh1 Rf3 34. Re8+ Kb7 35. Qg4 Rf1+ 36. Kh2 Bd6+ 37. Rg3 Nd2 38. Kg2 Rc1 39. Re2 Rxc2 40. Kf2 Bc5+ 41. Rge3 Nc4 42. Qe4+ 1-0

[Event "*** Titled Tuesday Blitz"]
[Site "Chess.com"]
[Date "2021.04.27"]
[Round "4"]
[White "c_r_e_e_p_e_r"]
[Black "monalize"]
[Result "0-1"]
[WhiteElo "2389"]
[BlackElo "2372"]
[TimeControl "180+1"]
[EndTime "10:39:49 PDT"]
[Termination "monalize won on time"]

1. d4 d5 2. c4 dxc4 3. Nf3 Nf6 4. e3 e6 5. Bxc4 a6 6. O-O c5 7. Qe2 b5 8. Bb3 Bb7 9. Rd1 Nbd7 10. Nbd2 Qb6 11.
e4 cxd4 12. e5 Nd5 13. Ne4 Nc5 14. Bc2 d3 15. Bxd3 Nxd3 16. Rxd3 Be7 17. Bg5 O-O 18.
Bxe7 Nxe7 19. Nd6 Rad8 20. Ng5 h6 21. Nge4 Bd5 22. Qg4 Ng6 23. Rg3 Bxe4 24. Qxe4 Qc5 25. Nxf7 Rxf7 26. h3 Qxf2+ 27. Kh2 Ne7 28. Re1 Rd2 29.
Qa8+ Rf8 30. Qb7 Qxe1 31. Qxe7 Rf7 32. Qe8+ Rf8 33. Qxe6+ Kh8 34. Qe7 Rg8 35. Rxg7 Rxg7 36. Qf8+ Kh7 37. Qf5+ Kg8 38. Qc8+ Kh7 39. Qf5+ Kg8 40.
Qc8+ Kf7 41. Qf5+ Ke8 42. Qc8+ Rd8 43. Qe6+ Re7 44. Qc6+ Rdd7 45. Qc8+ Kf7 46. e6+ Qxe6 0-1

[Event "*** Titled Tuesday Blitz"]
[Site "Chess.com"]
[Date "2021.04.27"]
[Round "4"]
[White "NateSolon"]
[Black "ural58"]
[Result "1/2-1/2"]
[WhiteElo "2644"]
[BlackElo "2482"]
[TimeControl "180+1"]
[EndTime "10:39:50 PDT"]
[Termination "Game drawn by repetition"]

1. d4 d5 2. c4 e5 3. dxe5 d4 4. Nf3 Nc6 5. Nbd2 a5 6. Nb3 Bg4 7. Nbxd4 Bc5 8. e3 Nxd4 9. exd4 Bxf3 10. Qxf3 Bb4+ 11. Bd2 Bxd2+ 12. Kxd2 Qxd4+ 13. Kc2 Ne7 14. Rd1 Qxe5 15. Bd3 O-O-O 16. Rhe1 Qc5 17. Qxf7 Nc6 18. Qf5+ Qxf5 19. Bxf5+ Kb8 20. Be4 Nd4+ 21. Kb1 c5 22.
Bd5 Rhe8 23. Re3 Rxe3 24. fxe3 Nf5 25. e4 Nd4 26. Rf1 Rd7 27. Kc1 Kc7 28. Kd2 Kd6 29.
Rf8 b5 30. cxb5 Nxb5 31. Ra8 Nc7 32. Rxa5 Nxd5 33. exd5 Kxd5 34. Kc3 Kc6 35. Ra8 Re7 36. Rc8+ Kb5 37. Rb8+ Kc6 38. a4 Re3+ 39. Kc4 Re4+ 40. Kb3 Re3+ 41. Ka2 Re2 42. a5 Kc7 43. Rb5 Kc6 44.
Rb8 Re4 45. Ka3 Re3+ 46. b3 Re1 47. Kb2 Re2+ 48. Ka3 Rxg2 49. a6 Rg1 50. Kb2 Rg2+ 51. Ka3 Rg1 52. Kb2 Rg2+ 53. Ka3 1/2-1/2

[Event "*** Titled Tuesday Blitz"]
[Site "Chess.com"]
[Date "2021.04.27"]
[Round "4"]
[White "Kapibara_Warri0r"]
[Black "Marty435"]
[Result "0-1"]
[WhiteElo "2221"]
[BlackElo "2599"]
[TimeControl "180+1"]
[EndTime "10:39:50 PDT"]
[Termination "Marty435 won by resignation"]

1. e4 c6 2. d4 d5 3. Nc3 dxe4 4. Nxe4 Nf6 5. Nxf6+ exf6 6. c3 Bd6 7. Qf3 O-O 8. Bd3 Re8+ 9. Ne2 Nd7 10. O-O Nf8 11.
Bf4 Ng6 12. Bxd6 Qxd6 13. Ng3 Be6 14. Rfe1 Nf4 15. Nh5 Nxd3 16. Qxd3 b5 17. b3 a5 18. Rad1 a4 19. Qe4 axb3 20. axb3 Qd5 21. Qh4 Qg5 22.
Qxg5 fxg5 23. b4 Bg4 24. Ng3 Bxd1 25. Rxd1 Ra3 26. Rc1 g6 27. Kf1 f5 28. c4 bxc4 29.
Ne2 Ra2 30. Nc3 Rd2 31. b5 cxb5 32. Nxb5 Rb8 33. Nc7 c3 34. d5 c2 35. Ke1 Rd1+ 36. Rxd1 Rb1 37. Rc1 Rxc1+ 38. Kd2 Rf1 39. Kxc2 Rxf2+ 40.
Kd3 Kf8 41. Ne6+ Ke7 42. Nxg5 Rxg2 43. Nxh7 Rxh2 44. Ng5 Rh4 45. Ke3 Rg4 46. Nf3 Kd6 47. Nh2 Re4+ 48. Kf3 Kxd5 49. Nf1 Ke5 50. Ng3 Ra4 51.
Ne2 Ra3+ 52. Kf2 g5 0-1

[Event "*** Titled Tuesday Blitz"]
[Site "Chess.com"]
[Date "2021.04.27"]
[Round "4"]
[White "serhanberat_ozdemir"]
[Black "TokChess"]
[Result "1-0"]
[WhiteElo "2571"]
[BlackElo "2403"]
[TimeControl "180+1"]
[EndTime "10:39:50 PDT"]
[Termination "serhanberat_ozdemir won on time"]

1. e4 c5 2. Nf3 e6 3. c3 Nf6 4. e5 Nd5 5. d4 cxd4 6. cxd4 d6 7. a3 Nc6 8. Bd3 b6 9. O-O Bb7 10. Qe2 dxe5 11. dxe5 Be7 12. Re1 Qc7 13. Bd2 Rd8 14. Nc3 Nxc3 15. Bxc3 O-O 16. Bc2 Na5 17. Rac1 Qc4 18. Bxa5 Qxe2 19. Rxe2 bxa5 20. Be4 Bxe4 21. Rxe4 Rb8 22. Rc7 Bd8 23. Rc2 Bb6 24. h4 Rfd8 25.
g4 Rd3 26. Kg2 g6 27. h5 Kg7 28. Rf4 Rd7 29. Ng5 h6 30. Ne4 g5 31. Rf3 Bd4 32. Rd3 Rd5 33. Rcd2 Bxe5 34. Rxd5 exd5 35. Rxd5 Bxb2 36.
Rxa5 Bd4 37. Nd6 Bb6 38. Nf5+ Kh7 39. Rd5 Rb7 40. a4 Rc7 41. a5 Rc5 42. Rxc5 Bxc5 43.
a6 Bb6 44. Kf3 Bc5 45. Ke4 Bb6 46. f3 f6 47. Kd5 1-0

[Event "*** Titled Tuesday Blitz"]
[Site "Chess.com"]
[Date "2021.04.27"]
[Round "4"]
[White "martinique24"]
[Black "paulrusan"]
[Result "1-0"]
[WhiteElo "2416"]
[BlackElo "2222"]
[TimeControl "180+1"]
[EndTime "10:39:50 PDT"]
[Termination "martinique24 won by resignation"]

1. e4 c5 2. Nf3 Nc6 3. d4 cxd4 4. Nxd4 e5 5. Nb5 d6 6. c4 Be7 7.
N5c3 Nf6 8. Ke2 Nd4+ 9. Ke1 O-O 10. Be3 Ne6 11. f3 a6 12. Kf2 Bd7 13. Nd2 Bc6 14. b4 b6 15. Nb3 a5 16. a3 Nd7 17. Be2 Qc7 18. Nd5 Qd8 19. Nxe7+ Qxe7 20. Qd2 Rfd8 21. Rhd1 Nf6 22. bxa5 bxa5 23. Nxa5 Ba4 24. Rdb1 Nc5 25. Qb4 Bc2 26. Rb2 Bxe4 27. fxe4 Nfxe4+ 28. Kg1 Qh4 29. Nc6 Re8 30. Bxc5 dxc5 31. Qe1 Qxe1+ 32. Rxe1 Rxa3 33. Bf3 Ng5 34. Rxe5 Nxf3+ 35. gxf3 Rf8 36. Rxc5 Rxf3 37. Rb8 Rxb8 38. Nxb8 h5 39. Rc8+ Kh7 40. c5 Rc3 41. c6 g5 42. c7 h4 43. Na6 h3 44. Rf8 Kg7 45. c8=Q Rxc8 46. Rxc8 f5 47. Rc6 g4 48. Nc5 f4 49. Ne6+ Kf6 50. Nxf4+ Ke5 51. Ne2 Ke4 52. Rf6 Ke3 53. Ng3 Kd4 54. Kf2 Ke5 55. Rf5+ Ke6 56. Rf4 1-0

[Event "*** Titled Tuesday Blitz"]
[Site "Chess.com"]
[Date "2021.04.27"]
[Round "4"]
[White "Pantata007"]
[Black "david_alex"]
[Result "0-1"]
[WhiteElo "2310"]
[BlackElo "2113"]
[TimeControl "180+1"]
[EndTime "10:39:51 PDT"]
[Termination "david_alex won on time"]

1. d4 Nf6 2. c4 e6 3. Nc3 Bb4 4.
e3 O-O 5. Ne2 c6 6. a3 Ba5 7.
Qc2 d5 8. Ng3 Bc7 9. Bd3 Nbd7 10. O-O e5 11. cxd5 cxd5 12. Nb5 Bb8 13. dxe5 Nxe5 14.
Bf5 Bxf5 15. Nxf5 a6 16. Nbd4 g6 17. Ng3 Nc4 18. b3 Nd6 19. Bb2 Nde4 20. Rfd1 Qe7 21. Rac1 Be5 22. b4 Nxg3 23. hxg3 Ne4 24. Nf3 Bxb2 25.
Qxb2 Rfd8 26. Qd4 Nf6 27. Rc5 Kg7 28. g4 Qe4 29. g5 Qxd4 30. Rxd4 Ne4 31. Rcxd5 Rxd5 32. Rxd5 Rc8 33. Re5 Rc1+ 34. Kh2 Nxf2 35. Kg3 Nd3 36.
Re7 Ra1 37. Rd7 Rxa3 38. Rxb7 Rb3 39. Rd7 Nxb4 40. Ne5 Rxe3+ 41. Kf4 Re2 42. Rxf7+ Kg8 43. Rb7 Nd5+ 44. Kf3 Rxe5 45. Rb8+ Kf7 46. Rb7+ Ne7 47. Ra7 Rxg5 0-1

[Event "*** Titled Tuesday Blitz"]
[Site "Chess.com"]
[Date "2021.04.27"]
[Round "4"]
[White "csati17"]
[Black "ajdemipopushi"]
[Result "1-0"]
[WhiteElo "2583"]
[BlackElo "2337"]
[TimeControl "180+1"]
[EndTime "10:39:52 PDT"]
[Termination "csati17 won on time"]

1. c4 c5 2. Nc3 g6 3. g3 Bg7 4. Bg2 Nc6 5. e4 e6 6. Nge2 Nge7 7. O-O O-O 8. d3 d6 9. Rb1 b6 10. a3 Bb7 11. b4 Qd7 12. Be3 Nd4 13. Qd2 f5 14. Bh6 fxe4 15. Bxg7 Kxg7 16. Nxd4 cxd4 17. Nxe4 e5 18. Rbc1 Rac8 19. f4 Nf5 20. Bh3 Qe7 21. Rce1 Rce8 22. Bxf5 Rxf5 23. g4 Rf7 24. f5 gxf5 25. gxf5 Kh8 26. Kh1 Rg8 27. Qh6 Qg5 28. Qh3 Qg4 29. Qxg4 Rxg4 30. Rf3 d5 31. Nd6 Rfg7 32. Nxb7 Rxb7 33. cxd5 Re7 34. f6 Re8 35. f7 Rf8 36. Rxe5 Kg7 37. Re7 Rg6 38. Rd7 a6 39. h3 b5 40. Kh2 Rf6 41. Rg3+ Kh6 42. Rg4 R8xf7 43. Rxf7 Rxf7 44. Rxd4 Rf2+ 45.
Kg3 Rd2 46. d6 1-0

[Event "*** Titled Tuesday Blitz"]
[Site "Chess.com"]
[Date "2021.04.27"]
[Round "4"]
[White "MatyChess1"]
[Black "ukchessbomber"]
[Result "1-0"]
[WhiteElo "2678"]
[BlackElo "2508"]
[TimeControl "180+1"]
[EndTime "10:39:55 PDT"]
[Termination "MatyChess1 won by resignation"]

1. e4 e5 2. Nf3 Nc6 3. Bc4 Nf6 4. d3 Be7 5. O-O O-O 6. Re1 d6 7. a4 Na5 8. Ba2 c5 9. c3 Be6 10. Na3 Bxa2 11. Rxa2 Qd7 12. Bg5 a6 13. d4 Qg4 14. h3 Qh5 15. d5 c4 16. Be3 Bd8 17.
Nd2 Qg6 18. Qf3 Rc8 19. Raa1 Nd7 20. g4 Bb6 21. Kg2 Bxe3 22. Qxe3 Qf6 23. Qe2 Nb6 24.
Nc2 Qd8 25. Ne3 Qd7 26. h4 Rc7 27. h5 Rfc8 28. Rh1 Nxa4 29. Qd1 b5 30. Ra2 Nb7 31. g5 Nbc5 32. h6 g6 33. Ng4 Kh8 34. Nf6 Qe7 35. Qf3 Nb3 36. Nf1 Nc1 37. Ra1 Nd3 38. Ne3 Nf4+ 39.
Kh2 Nc5 40. Neg4 Nd7 41. Rxa6 Nc5 42. Ra5 Rb7 43. Rha1 Rcb8 44. Ra8 Ncd3 45. Qe3 Nxb2 46. R1a7 Qc7 47. Rxb7 Qxb7 48. Ra7 Qb6 49. Qxb6 Rxb6 50. Ra8+ 1-0

[Event "*** Titled Tuesday Blitz"]
[Site "Chess.com"]
[Date "2021.04.27"]
[Round "4"]
[White "AniJak"]
[Black "ErikRonka"]
[Result "0-1"]
[WhiteElo "2289"]
[BlackElo "2477"]
[TimeControl "180+1"]
[EndTime "10:39:56 PDT"]
[Termination "ErikRonka won on time"]

1. e4 c6 2. d4 d5 3. e5 c5 4.
dxc5 e6 5. a3 Nc6 6. Nf3 Bxc5 7.
b4 Bb6 8. Bb2 Nge7 9. Bd3 Ng6 10. O-O Nf4 11. Nbd2 O-O 12. g3 Nxd3 13. cxd3 Bd7 14.
Nb3 Rc8 15. Re1 a6 16. Rc1 Ba7 17. Qd2 Ne7 18. Nbd4 Rxc1 19. Rxc1 Qb8 20. Kf1 Rc8 21. Ke2 Ng6 22. Rxc8+ Qxc8 23. Qc2 Qb8 24. Nb3 Bb5 25. Qc3 h6 26. Nbd4 Bd7 27. Nc2 Qd8 28. Ncd4 Bb8 29. Nb3 Ne7 30. Nc5 Bc6 31. Qb3 Nf5 32. a4 Qe8 33. b5 axb5 34. axb5 Bxb5 35. Nxb7 g5 36. Nc5 Ba7 37. Qb4 Qc6 38. Ba3 Kh7 39. Nd4 Nxd4+ 40. Qxd4 Qc7 41. Qb4 Qxe5+ 42. Kd2 Bc6 43. Qa5 Bb8 44. Qd8 Bd6 45. Nxe6 Bxa3 46. Nc7 Bb4+ 47. Kc2 Qc3+ 48. Kb1 Qb3+ 49. Kc1 Ba4 0-1

[Event "*** Titled Tuesday Blitz"]
[Site "Chess.com"]
[Date "2021.04.27"]
[Round "4"]
[White "KubaGepard"]
[Black "monikarozman"]
[Result "1-0"]
[WhiteElo "2411"]
[BlackElo "2180"]
[TimeControl "180+1"]
[EndTime "10:39:56 PDT"]
[Termination "KubaGepard won on time"]

1. e4 c5 2. Ne2 Nc6 3. Nbc3 Nf6 4. d4 cxd4 5. Nxd4 e5 6. Ndb5 d6 7. Bg5 a6 8. Na3 b5 9. Nd5 Be7 10. Bxf6 Bxf6 11. c3 Bg5 12. Nc2 Rb8 13. a3 O-O 14. Ncb4 Bb7 15. h4 Bh6 16. g3 a5 17. Nc2 Bc8 18. Bh3 Be6 19. Kf1 Qd7 20. Kg2 f5 21. exf5 Bxf5 22. Nce3 Be4+ 23. f3 Qf7 24. Rf1 Bg6 25.
Ng4 Kh8 26. Nxh6 gxh6 27. Qd2 Qg7 28. Rae1 Rb7 29. Ne3 Rg8 30. Be6 Bf7 31. Nf5 Qg6 32. Bd5 Qxf5 33. Bxc6 Rb6 34. Be4 Qf6 35. Kh2 Bc4 36. Bd3 Be6 37. Bc2 Bc8 38. Qf2 d5 39. Bb1 Qe6 40. Qg2 Rb7 41. f4 e4 42. f5 Qe5 43.
Rf4 Rbg7 44. Re3 d4 45. cxd4 Qxd4 46. Rexe4 Qd6 47. f6 Rf7 48. Qf2 Bb7 49. Re7 Qc6 50. Be4 1-0

[Event "*** Titled Tuesday Blitz"]
[Site "Chess.com"]
[Date "2021.04.27"]
[Round "4"]
[White "Ibrayevnb"]
[Black "Chessbard1972"]
[Result "1-0"]
[WhiteElo "2472"]
[BlackElo "2261"]
[TimeControl "180+1"]
[EndTime "10:39:57 PDT"]
[Termination "Ibrayevnb won on time"]

1. d4 d5 2. c4 e6 3. Nf3 c5 4. cxd5 exd5 5. g3 Nc6 6. Bg2 Nf6 7. O-O Be7 8. Nc3 O-O 9. Bg5 cxd4 10. Nxd4 h6 11.
Be3 Bg4 12. h3 Be6 13. Qa4 Qd7 14. Kh2 a6 15. Rac1 b5 16. Qc2 Ne5 17. Bf4 Ng6 18.
Nxe6 Qxe6 19. Be3 Ne5 20. Bd4 Rac8 21. Qb3 Rfd8 22. Rcd1 Rc4 23. e3 b4 24. Ne2 Qf5 25. Nf4 Rdc8 26. Bxe5 Qxe5 27. Nxd5 Rc2 28. Nc3 R2xc3 29.
bxc3 Rxc3 30. Qa4 Ra3 31. Qc2 Qe6 32. Rd2 a5 33. Rc1 Qe5 34. Qc8+ Kh7 35. Rc7 Rc3 36.
Rxc3 bxc3 37. Rc2 Bb4 38. a3 Bxa3 39. Qxc3 Qe7 40. Qd3+ g6 41. Rc6 Bb4 42. Qc4 Kg7 43. Rc7 Qe8 44. Ra7 Nh5 45. Bf3 Nf6 46. Qd4 Qe6 47.
h4 1-0

[Event "*** Titled Tuesday Blitz"]
[Site "Chess.com"]
[Date "2021.04.27"]
[Round "4"]
[White "adnan_nn"]
[Black "Vaathi_Coming"]
[Result "1/2-1/2"]
[WhiteElo "2679"]
[BlackElo "2875"]
[TimeControl "180+1"]
[EndTime "10:39:58 PDT"]
[Termination "Game drawn by repetition"]

1. e4 e5 2. Nf3 Nc6 3. Nc3 Nf6 4.
d4 exd4 5. Nxd4 Bb4 6. Nxc6 bxc6 7. Bd3 d5 8. exd5 O-O 9. O-O cxd5 10. Bg5 c6 11.
Na4 Bd6 12. c3 Rb8 13. b4 h6 14. Bh4 g5 15. Bg3 Bxg3 16. hxg3 Kg7 17. Re1 Qd6 18.
Bc2 Bg4 19. Qd4 Rb7 20. Nc5 Re7 21. Rxe7 Qxe7 22. a4 Re8 23. a5 Qe2 24. Bd3 Qd2 25. a6 Re1+ 26. Rxe1 Qxe1+ 27. Kh2 Bc8 28. f3 h5 29. Nb7 h4 30. gxh4 gxh4 31. c4 Qg3+ 32. Kh1 h3 33. Bf1 Qe1 34. Kg1 hxg2 35. Kxg2 Bh3+ 36.
Kxh3 Qxf1+ 37. Kh2 Qxf3 38. cxd5 Kg6 39. d6 Ng4+ 40. Kg1 Ne3 41. Qd2 Qg3+ 42. Kh1 Qh3+ 43. Kg1 Qf1+ 44. Kh2 Qf4+ 45. Kg1 Qg3+ 46. Kh1 Ng4 47. d7 Qh3+ 48. Kg1 Qg3+ 49. Kh1 Nf2+ 50. Qxf2 Qxf2 51. d8=Q Qf1+ 52. Kh2 Qf2+ 53. Kh3 Qf3+ 54. Kh4 Qf4+ 55. Kh3 Qf3+ 56. Kh2 Qf2+ 57. Kh3 Qf3+ 1/2-1/2

[Event "*** Titled Tuesday Blitz"]
[Site "Chess.com"]
[Date "2021.04.27"]
[Round "4"]
[White "mamey78"]
[Black "Vice64"]
[Result "0-1"]
[WhiteElo "2489"]
[BlackElo "2666"]
[TimeControl "180+1"]
[EndTime "10:39:58 PDT"]
[Termination "Vice64 won by resignation"]

1. e4 c5 2. Nf3 Nc6 3. c3 Nf6 4. e5 Nd5 5. Bc4 Nb6 6. Bb3 d5 7. exd6 Qxd6 8. O-O c4 9. Bc2 Bg4 10. Re1 e6 11. b3 Be7 12. Na3 cxb3 13. axb3 O-O 14.
Nc4 Qc7 15. h3 Bh5 16. Nxb6 Qxb6 17. d4 Bg6 18. Be3 Qc7 19. Bxg6 hxg6 20. Qd2 Rfd8 21. Bg5 b6 22. Re3 Na5 23. Rb1 Bxg5 24. Nxg5 Qf4 25. Nf3 Nc6 26. Qe2 Rac8 27. Ra1 Rc7 28. Ra4 Na5 29. Ra3 Qd6 30. Qb2 Rdc8 31. Ne5 Nc6 32.
Nxc6 Qxc6 33. c4 a5 34. Ra1 Rd8 35. Rd1 Rcd7 36. Red3 Qe4 37. Qd2 Qf5 38. Rf3 Qe4 39.
Rd3 Qc6 40. Re1 a4 41. d5 exd5 42. cxd5 Rxd5 43. Rxd5 Rxd5 44. Qb4 axb3 45. Qxb3 Rd6 46. Re7 Re6 47. Ra7 Qc1+ 48. Kh2 Qf4+ 49. Qg3 Qxg3+ 50. Kxg3 g5 51. Rb7 g6 52. f3 0-1

[Event "*** Titled Tuesday Blitz"]
[Site "Chess.com"]
[Date "2021.04.27"]
[Round "4"]
[White "mary-sanna"]
[Black "Vigorito-NE"]
[Result "0-1"]
[WhiteElo "2137"]
[BlackElo "2428"]
[TimeControl "180+1"]
[EndTime "10:39:58 PDT"]
[Termination "Vigorito-NE won on time"]

1. d4 d5 2. Bf4 Nf6 3. e3 c5 4.
c3 Nc6 5. Nd2 cxd4 6. exd4 Bf5 7.
Ngf3 e6 8. Ne5 Nxe5 9. dxe5 Nd7 10. Nf3 Be7 11. Bd3 Bxd3 12. Qxd3 Nc5 13. Qe2 O-O 14. O-O Rc8 15. Rfd1 Qc7 16. Rac1 a6 17. c4 dxc4 18. Rxc4 b5 19. Rc2 Qb7 20. h3 h6 21. Rcd2 Rfd8 22. Rxd8+ Rxd8 23. Rxd8+ Bxd8 24. Qd2 Qd7 25. Qxd7 Nxd7 26.
Kf1 Bc7 27. Ke2 f6 28. Bg3 f5 29. Nd4 Nf8 30. b3 Kf7 31. a4 bxa4 32. bxa4 g5 33. f4 Bb6 34. Nf3 gxf4 35. Bxf4 h5 36. Bd2 Ng6 37.
Ng5+ Ke7 38. Bb4+ Kd7 39. Nf3 Bc7 40. Bc3 Kc6 41. Nd4+ Kd5 42. Nb3 Nxe5 43. Bb4 Kc4 44. Ba5 Bd6 45. Nd2+ Kd5 46. Bb6 Bb4 47. Nb3 Nc4 48.
Bc7 e5 49. Nc1 e4 50. Na2 Bc5 51. Nc3+ Kc6 52. Bd8 Bd4 53. Nd1 Kd5 54. Bc7 Nb2 0-1